TOP OF THE 1ST |
Missouri Tigers batting - Pitching for Utah Utes : RHP Carlos Sierra
|
Pitching: RHP Carlos Sierra
|
|
Batting: LHB Neil Rodríguez
|
0-0: Ball 1-0: Swinging Strike 1-1: Ground out 3-1 (Groundball, 3)
|
Batting: LHB Jim Wallace
|
0-0: Ball 1-0: SINGLE (Groundball, 6M)
|
Batting: RHB José González
|
0-0: Called Strike Jim Wallace is caught stealing 2nd base 0-1: Ball 1-1: Foul Ball, location: 2F 1-2: Fly out, F9 (Flyball, 9LM)
|
Top of the 1st over - 0 run(s), 1 hit(s), 0 error(s), 0 left on base; Missouri 0 - Utah 0 |
BOTTOM OF THE 1ST |
Utah Utes batting - Pitching for Missouri Tigers : RHP Bernie Ryan
|
Pitching: RHP Bernie Ryan
|
|
Batting: RHB Todd Oliver
|
0-0: Ball 1-0: Called Strike 1-1: Swinging Strike 1-2: Strikes out swinging
|
Batting: RHB Hunter Plunket
|
0-0: Called Strike 0-1: Foul Ball, location: 2F 0-2: Ball 1-2: Strikes out swinging
|
Batting: LHB Felipe Valino
|
0-0: Called Strike 0-1: Fly out, F6 (Line Drive, 6)
|
Bottom of the 1st over - 0 run(s), 0 hit(s), 0 error(s), 0 left on base; Missouri 0 - Utah 0 |
TOP OF THE 2ND |
Missouri Tigers batting - Pitching for Utah Utes : RHP Carlos Sierra
|
Batting: RHB George Mitchell
|
0-0: Ball 1-0: Swinging Strike 1-1: Foul Ball, location: 2F 1-2: Ball 2-2: Ground out 4-3 (Groundball, 4S)
|
Batting: RHB Bobby Murdock
|
0-0: Called Strike 0-1: Foul Ball, location: 2F 0-2: Foul Ball, location: 2F 0-2: Ball 1-2: Strikes out looking
|
Batting: SHB Eric Pimentel
|
0-0: Ball 1-0: Ball 2-0: Ball 3-0: Called Strike 3-1: Called Strike 3-2: Ground out 6-3 (Groundball, 6)
|
Top of the 2nd over - 0 run(s), 0 hit(s), 0 error(s), 0 left on base; Missouri 0 - Utah 0 |
BOTTOM OF THE 2ND |
Utah Utes batting - Pitching for Missouri Tigers : RHP Bernie Ryan
|
Batting: LHB Max Hoskins
|
0-0: Ball 1-0: Ground out 4-3 (Groundball, 34)
|
Batting: LHB Phil Cantrell
|
0-0: Ball 1-0: Foul Ball, location: 2F 1-1: Called Strike 1-2: Ball 2-2: Ball 3-2: Foul Ball, location: 2F 3-2: Ground out 6-3 (Groundball, 6)
|
Batting: LHB William Butler
|
0-0: Ball 1-0: Called Strike 1-1: Ball 2-1: Ground out 1-3 (Groundball, 13)
|
Bottom of the 2nd over - 0 run(s), 0 hit(s), 0 error(s), 0 left on base; Missouri 0 - Utah 0 |
TOP OF THE 3RD |
Missouri Tigers batting - Pitching for Utah Utes : RHP Carlos Sierra
|
Batting: RHB Rob Smith
|
0-0: Called Strike 0-1: Ball 1-1: Swinging Strike 1-2: Ball 2-2: Foul Ball, location: 2F 2-2: Strikes out looking
|
Batting: RHB Wilford Shaw
|
0-0: Foul Ball, location: 2F 0-1: Ball 1-1: Foul Ball, location: 2F 1-2: Ground out 6-3 (Groundball, 6)
|
Batting: RHB Ken Uttley
|
0-0: Called Strike 0-1: Ball 1-1: Ball 2-1: Fly out, F8 (Line Drive, 8RM)
|
Top of the 3rd over - 0 run(s), 0 hit(s), 0 error(s), 0 left on base; Missouri 0 - Utah 0 |
BOTTOM OF THE 3RD |
Utah Utes batting - Pitching for Missouri Tigers : RHP Bernie Ryan
|
Batting: SHB George Wilder
|
0-0: Foul Ball, location: 2F 0-1: Bunt missed! 0-2: Ground out 6-3 (Groundball, 6M)
|
Batting: RHB Leon Heath
|
0-0: Ball 1-0: Fly out, F4 (Popup, 4MD)
|
Batting: SHB Lewis Woods
|
0-0: Swinging Strike 0-1: Fly out, F8 (Flyball, 8LS)
|
Bottom of the 3rd over - 0 run(s), 0 hit(s), 0 error(s), 0 left on base; Missouri 0 - Utah 0 |
TOP OF THE 4TH |
Missouri Tigers batting - Pitching for Utah Utes : RHP Carlos Sierra
|
Batting: LHB Neil Rodríguez
|
0-0: Called Strike 0-1: Swinging Strike 0-2: Ball 1-2: Foul Ball, location: 2F 1-2: Strikes out swinging
|
Batting: LHB Jim Wallace
|
0-0: Foul Ball, location: 2F 0-1: Ball 1-1: Ball 2-1: Ball 3-1: Base on Balls
|
Batting: RHB José González
|
0-0: Called Strike 0-1: Ball 1-1: Ball 2-1: Foul Ball, location: 2F 2-2: Ground out 4-3 (Groundball, 4M) Jim Wallace to second
|
Batting: RHB George Mitchell
|
0-0: Foul Ball, location: 2F 0-1: Foul Ball, location: 2F 0-2: Ground out 5-3 (Groundball, 56S)
|
Top of the 4th over - 0 run(s), 0 hit(s), 0 error(s), 1 left on base; Missouri 0 - Utah 0 |
BOTTOM OF THE 4TH |
Utah Utes batting - Pitching for Missouri Tigers : RHP Bernie Ryan
|
Batting: RHB Todd Oliver
|
0-0: Foul Ball, location: 2F 0-1: Called Strike 0-2: Strikes out swinging
|
Batting: RHB Hunter Plunket
|
0-0: Ball 1-0: SINGLE (Line Drive, 7LM)
|
Batting: LHB Felipe Valino
|
0-0: Ball 1-0: Ball 2-0: Ball 3-0: Called Strike 3-1: Foul Ball, location: 2F 3-2: Strikes out looking Hunter Plunket steals 2nd base Batter strikes out.
|
Batting: LHB Max Hoskins
|
0-0: Swinging Strike 0-1: Ball 1-1: Ball 2-1: Foul Ball, location: 2F 2-2: Foul Ball, location: 2F 2-2: Strikes out swinging
|
Bottom of the 4th over - 0 run(s), 1 hit(s), 0 error(s), 1 left on base; Missouri 0 - Utah 0 |
TOP OF THE 5TH |
Missouri Tigers batting - Pitching for Utah Utes : RHP Carlos Sierra
|
Batting: RHB Bobby Murdock
|
0-0: Foul Ball, location: 2F 0-1: Ball 1-1: Ball 2-1: Ball 3-1: Ground out 6-3 (Groundball, 6)
|
Batting: SHB Eric Pimentel
|
0-0: Ball 1-0: Ball 2-0: Ball 3-0: Base on Balls
|
Batting: RHB Rob Smith
|
0-0: Ball 1-0: Called Strike 1-1: Fly out, F4 (Popup, 9LS)
|
Batting: RHB Wilford Shaw
|
0-0: Called Strike 0-1: Ball 1-1: Ball 2-1: Fly out, F7 (Flyball, 7M)
|
Top of the 5th over - 0 run(s), 0 hit(s), 0 error(s), 1 left on base; Missouri 0 - Utah 0 |
BOTTOM OF THE 5TH |
Utah Utes batting - Pitching for Missouri Tigers : RHP Bernie Ryan
|
Batting: LHB Phil Cantrell
|
0-0: Ball 1-0: Ball 2-0: Ball 3-0: Base on Balls
|
Batting: LHB William Butler
|
0-0: Swinging Strike 0-1: Called Strike 0-2: Ball 1-2: Fly out, F7 (Flyball, 7M)
|
Batting: SHB George Wilder
|
0-0: Ball 1-0: Called Strike 1-1: SINGLE (Groundball, 6MD) Phil Cantrell to second
|
Batting: RHB Leon Heath
|
0-0: Ball 1-0: Called Strike 1-1: Ball 2-1: Ball 3-1: Swinging Strike 3-2: Fly out, F9 (Flyball, 9M) Runner from 2nd tags up, SAFE at 3rd with throw
|
Batting: SHB Lewis Woods
|
0-0: Called Strike 0-1: Ball 1-1: Fly out, F8 (Flyball, 8LXD)
|
Bottom of the 5th over - 0 run(s), 1 hit(s), 0 error(s), 2 left on base; Missouri 0 - Utah 0 |
TOP OF THE 6TH |
Missouri Tigers batting - Pitching for Utah Utes : RHP Carlos Sierra
|
Batting: RHB Ken Uttley
|
0-0: Swinging Strike 0-1: Foul Ball, location: 2F 0-2: Ball 1-2: Ball 2-2: Ball 3-2: Reached on error, E5 (Groundball, 5)
|
Batting: LHB Neil Rodríguez
|
0-0: Ball 1-0: Foul Ball, location: 2F 1-1: Ground out 5-3 (Groundball, 5) Ken Uttley to second
|
Pitching: RHP Joe King
|
|
Batting: LHB Jim Wallace
|
0-0: Ball 1-0: Fly out, F7 (Flyball, 78M)
|
Batting: RHB José González
|
0-0: Ball 1-0: Called Strike 1-1: Fly out, F7 (Flyball, 7M)
|
Top of the 6th over - 0 run(s), 0 hit(s), 1 error(s), 1 left on base; Missouri 0 - Utah 0 |
BOTTOM OF THE 6TH |
Utah Utes batting - Pitching for Missouri Tigers : RHP Bernie Ryan
|
Batting: RHB Todd Oliver
|
0-0: Called Strike 0-1: Foul Ball, location: 2F 0-2: Ball 1-2: Foul Ball, location: 2F 1-2: Strikes out swinging
|
Batting: RHB Hunter Plunket
|
0-0: Swinging Strike 0-1: Ball 1-1: Ground out 3-1 (Groundball, 34)
|
Batting: LHB Felipe Valino
|
0-0: Ball 1-0: Ball 2-0: Ground out 4-3 (Groundball, 4MS)
|
Bottom of the 6th over - 0 run(s), 0 hit(s), 0 error(s), 0 left on base; Missouri 0 - Utah 0 |
TOP OF THE 7TH |
Missouri Tigers batting - Pitching for Utah Utes : RHP Joe King
|
Batting: RHB George Mitchell
|
0-0: Ball 1-0: Foul Ball, location: 2F 1-1: Swinging Strike 1-2: Foul Ball, location: 2F 1-2: Strikes out looking
|
Batting: RHB Bobby Murdock
|
0-0: Called Strike 0-1: Ball 1-1: Ground out 1-3 (Groundball, 25)
|
Batting: SHB Eric Pimentel
|
0-0: Swinging Strike 0-1: Swinging Strike 0-2: Foul Ball, location: 2F 0-2: Ball 1-2: Ball 2-2: Foul Ball, location: 2F 2-2: Strikes out swinging
|
Top of the 7th over - 0 run(s), 0 hit(s), 0 error(s), 0 left on base; Missouri 0 - Utah 0 |
BOTTOM OF THE 7TH |
Utah Utes batting - Pitching for Missouri Tigers : RHP Bernie Ryan
|
Batting: LHB Max Hoskins
|
0-0: Fly out, F8 (Line Drive, 8LS)
|
Batting: LHB Phil Cantrell
|
0-0: Ball 1-0: Ground out 4-3 (Groundball, 4)
|
Batting: LHB William Butler
|
0-0: Called Strike 0-1: Swinging Strike 0-2: Strikes out swinging
|
Bottom of the 7th over - 0 run(s), 0 hit(s), 0 error(s), 0 left on base; Missouri 0 - Utah 0 |
TOP OF THE 8TH |
Missouri Tigers batting - Pitching for Utah Utes : RHP Joe King
|
Batting: RHB Rob Smith
|
0-0: Called Strike 0-1: Called Strike 0-2: Strikes out swinging
|
Pinch Hitting: SHB Hoyt Norris
|
0-0: Ball 1-0: Foul Ball, location: 2F 1-1: Called Strike 1-2: Strikes out looking
|
Pinch Hitting: RHB Matt Reeves
|
0-0: Called Strike 0-1: Foul Ball, location: 2F 0-2: Ball 1-2: Foul Ball, location: 2F 1-2: Ground out 5-3 (Groundball, 5)
|
Top of the 8th over - 0 run(s), 0 hit(s), 0 error(s), 0 left on base; Missouri 0 - Utah 0 |
BOTTOM OF THE 8TH |
Utah Utes batting - Pitching for Missouri Tigers : RHP Bernie Ryan
|
Pitching: RHP J.R. Wood
|
|
Now at 2B: Nick Webber
|
|
Now at SS: Oliver Sánchez
|
|
Batting: SHB George Wilder
|
0-0: Ball 1-0: Ground out 4-3 (Groundball, 4)
|
Batting: RHB Leon Heath
|
0-0: Ground out 5-3 (Groundball, 56S)
|
Batting: SHB Lewis Woods
|
0-0: Foul Ball, location: 2F 0-1: Ball 1-1: Ball 2-1: Foul Ball, location: 2F 2-2: Strikes out swinging
|
Bottom of the 8th over - 0 run(s), 0 hit(s), 0 error(s), 0 left on base; Missouri 0 - Utah 0 |
TOP OF THE 9TH |
Missouri Tigers batting - Pitching for Utah Utes : RHP Joe King
|
Pitching: LHP Frederick Powell
|
|
Batting: LHB Neil Rodríguez
|
0-0: Ball 1-0: Called Strike 1-1: Foul Ball, location: 2F 1-2: Strikes out swinging
|
Batting: LHB Jim Wallace
|
0-0: Ground out 4-3 (Groundball, 13)
|
Batting: RHB José González
|
0-0: Ball 1-0: DOUBLE (Flyball, 89M)
|
Batting: RHB George Mitchell
|
0-0: Foul Ball, location: 2F 0-1: Foul Ball, location: 2F 0-2: SINGLE (Groundball, 56D) José González to third Runner from 3rd tries for Home, SAFE, no throw or cutoff
|
Batting: RHB Bobby Murdock
|
0-0: Called Strike George Mitchell steals 2nd base 0-1: Ball 1-1: Fly out, F9 (Flyball, 9LM)
|
Top of the 9th over - 1 run(s), 2 hit(s), 0 error(s), 1 left on base; Missouri 1 - Utah 0 |
BOTTOM OF THE 9TH |
Utah Utes batting - Pitching for Missouri Tigers : RHP J.R. Wood
|
Pitching: RHP Ralph Marks
|
|
Pinch Hitting: RHB Ben Cochrane
|
0-0: Called Strike 0-1: Swinging Strike 0-2: Ball 1-2: Ball 2-2: Strikes out swinging
|
Batting: RHB Hunter Plunket
|
0-0: Ball 1-0: Ball 2-0: SINGLE (Line Drive, 78S)
|
Batting: LHB Felipe Valino
|
0-0: Called Strike 0-1: SINGLE (Line Drive, 9LM) Hunter Plunket to second
|
Batting: LHB Max Hoskins
|
0-0: Foul Ball, location: 2F 0-1: Swinging Strike 0-2: Ball 1-2: Strikes out swinging
|
Batting: LHB Phil Cantrell
|
0-0: Called Strike 0-1: Ball 1-1: Swinging Strike 1-2: Strikes out swinging
|
Bottom of the 9th over - 0 run(s), 2 hit(s), 0 error(s), 2 left on base; Missouri 1 - Utah 0 |
|